 Dungeon Crawl Stone Soup version 0.30-a0-639-g3916f1956a (webtiles) character file.

Game seed: 15594368967758927778

90 timneilson the Slasher (level 4, 0/34 HPs)
             Began as a Demonspawn Gladiator on Jan 15, 2023.
             Succumbed to an adder's poison
             ... on level 3 of the Dungeon.
             The game lasted 00:04:33 (2096 turns).

timneilson the Slasher (Demonspawn Gladiator)       Turns: 2096, Time: 00:04:34

Health: 0/34       AC: 16    Str: 16    XL:     4   Next: 32%
Magic:  4/4        EV:  7    Int: 10    God:
Gold:   104        SH:  0    Dex: 14    Spells: 3/3 levels left

rFire   . . .      SeeInvis .    a - +1 long sword
rCold   . . .      Faith    .    (no shield)
rNeg    . . .      Spirit   .    o - +0 chain mail
rPois   .          Reflect  .    c - +0 helmet
rElec   .          Harm     .    (no cloak)
rCorr   .          Rampage  .    k - +2 pair of gloves
Will    .....                    (no boots) Stlth
                                 (no amulet)
HPRegen 0.25/turn                f - +4 ring of protection
MPRegen 0.18/turn                (no ring)

@: lethally poisoned (0 -> -5)
A: magic regeneration
a: no special abilities


You were on level 3 of the Dungeon.
You visited 1 branch of the dungeon, and saw 3 of its levels.

You collected 104 gold pieces.

Inventory:

Hand Weapons
 a - a +1 long sword (weapon)
Missiles
 d - 3 throwing nets (quivered)
 e - a javelin
 j - 5 silver javelins
Armour
 c - a +0 helmet (worn)
 k - a +2 pair of gloves (worn)
 o - a +0 chain mail (worn)
Jewellery
 f - a +4 ring of protection (left hand)
Scrolls
 g - 4 scrolls of teleportation
 h - a scroll of identify
 i - a scroll of summoning
Potions
 b - a potion of resistance {unknown}
 l - a potion of haste {unknown}
 n - 3 potions of curing {unknown}


   Skills:
 + Level 2.5 Fighting
 * Level 3.4 Long Blades
 - Level 1.7 Throwing
 * Level 1.8 Armour
 + Level 3.2 Dodging


You had 3 spell levels left.
You didn't know any spells.
Your spell library was empty.

Dungeon Overview and Level Annotations

Branches:
Dungeon (3/15)

Altars:

Shops:
D:1 (


Innate Abilities, Weirdness & Mutations

You regenerate magic rapidly.


Message History

You slash the orc!
You kill the orc!
Something hits you but does no damage.
You barely miss something. Something hits you but does no damage.
The adder bites you but does no damage.
You hear some strange, mumbled words.
A magic dart appears from out of thin air!
The magic dart hits you but does no damage.
You closely miss something. The adder bites you but does no damage.
Something hits you but does no damage.
You hit something. The adder bites you but does no damage.
You hear some strange, mumbled words.
A magic dart appears from out of thin air!
The magic dart hits you but does no damage.
The adder bites you but does no damage.
You closely miss something. The adder bites you.
* * * LOW HITPOINT WARNING * * *
You hear some strange, mumbled words.
A puff of flame appears from out of thin air!
The puff of flame misses you.
You closely miss something. The adder bites you but does no damage.
Something hits you but does no damage. The adder bites you but does no damage.
You hear some strange, mumbled words.
Something tries to affect you, but you resist.
You barely miss something. The adder barely misses you.
Something hits you but does no damage.
You miss something. The adder bites you but does no damage.
The adder bites you.
* * * LOW HITPOINT WARNING * * *
You are lethally poisoned!
The adder poisons you!
You hear some strange, mumbled words.
A magic dart appears from out of thin air!
The magic dart hits you but does no damage.
You miss something.
* * * LOW HITPOINT WARNING * * *
You feel sick. The adder bites you but does no damage.
Something hits you but does no damage. The adder bites you but does no damage.
You closely miss something.
You die...

#####.......#
#.......#
#.......#
#.......#
#$......#
#.......#
#.......#
#...S{..+
#...@)..#
#....?.<#
#.......#
#.......#
#.......#
#.......#
#########


You could see an adder.

Vanquished Creatures
  An iguana (D:2)
  An adder (D:3)
  A worm (D:2)
  3 dart slugs
  2 orcs (D:3)
  7 endoplasms
  A giant cockroach (D:1)
  3 goblins
  A hobgoblin (D:1)
  3 jackals (D:3)
  A kobold (D:1)
  7 quokkas
  A ball python (D:1)
  4 bats
  4 rats
40 creatures vanquished.

Notes
Turn   | Place    | Note
-------+----------+-------------------------------------------
     0 | D:1      | timneilson the Demonspawn Gladiator began the quest for the
                  | Orb.
     0 | D:1      | Reached XP level 1. HP: 16/16 MP: 1/1
   257 | D:1      | Gained mutation: You regenerate magic rapidly. [demonic
                  | ancestry]
   257 | D:1      | Reached XP level 2. HP: 16/22 MP: 2/2
   285 | D:1      | Found Oticw's Weapon Shop.
   466 | D:1      | Reached skill level 1 in Armour
   980 | D:2      | Reached XP level 3. HP: 27/27 MP: 3/3
  1380 | D:2      | Found a faded altar of an unknown god.
  1893 | D:3      | Reached XP level 4. HP: 34/34 MP: 4/4
  2095 | D:3      | HP: 1/34 [poisoned by an adder]
  2096 | D:3      | Succumbed to an adder's poison

Illustrated notes

Levels and vault maps discovered:
D:1:      dpeg_arrival_prison, layout_loops_ring, serial_shops,
          nicolae_shop_bloodbath_and_beyond
D:2:      layout_basic, hellmonk_ecumenical_altar_run_dry
D:3:      layout_basic, lemuel_tele_altar

Skill      XL: |  1  2 |
---------------+-------+-----
Long Blades    | 3 |  3.4
Armour         | 1 |  1.8
Dodging        | 3 |  3.2
Fighting       | |  2.5
Throwing       | |  1.7

Action                   |  1- 3 |  4- 6 || total
-------------------------+-------+-------++-------
Melee: Long sword        |    97 |    77 ||   174
  Use: Scroll            |     7 |       ||     7
 Stab: Sleeping          |     1 |       ||     1
Armor: Leather armour    |    27 |       ||    27
       Chain mail        |    11 |   106 ||   117
Dodge: Dodged            |    59 |    41 ||   100

Table legend: (Time is in decaauts)
 A = Elapsed time spent in this place.
 B = Non-inter-level travel time spent in this place.
 C = Inter-level travel time spent in this place.
 D = Time resting spent in this place.
 E = Time spent auto-exploring this place.
 F = Levels seen in this place.
 G = Mean time per level.
                   A        B        C        D        E       F      G
               +--------+--------+--------+--------+--------+-----+--------+
         Total |   2137 |   2066 |     71 |     16 |   1593 |   3 |  712.3 |
       Dungeon |   2137 |   2066 |     71 |     16 |   1593 |   3 |  712.3 |
               +--------+--------+--------+--------+--------+-----+--------+

Top non-repeatable levels by time:
     D:2: 952 daAuts
     D:1: 941 daAuts
     D:3: 243 daAuts
